 Dungeon Crawl Stone Soup version 0.27.0-1-g7a089689b8 (webtiles) character file.

Game seed: 1893507112609889376

122 dtburroughs the Chopper (level 4, -4/41 HPs)
             Began as a Minotaur Berserker on Aug 4, 2021.
             Was a Believer of Trog.
             Slain by a gnoll (10 damage)
             ... on level 3 of the Dungeon.
             The game lasted 00:02:21 (2760 turns).

dtburroughs the Chopper (Minotaur Berserker)        Turns: 2760, Time: 00:02:22

Health: -4/41      AC:  9    Str: 21    XL:     4   Next: 78%
Magic:  3/3        EV:  8    Int:  5    God:    Trog [**....]
Gold:   95         SH:  0    Dex: 10    Spells: 3/3 levels left

rFire    . . .     SeeInvis .   a - +0 hand axe
rCold    . . .     Faith    .   (no shield)
rNeg     . . .     Spirit   .   i - +0 chain mail
rPois    .         Reflect  .   (helmet restricted)
rElec    .         Harm     .   (no cloak)
rCorr    .         Rampage  .   (no gloves)
Will     .....                  (no boots)
Stlth    ..........             (no amulet)
HPRegen  0.13/turn              (no ring)
MPRegen  0.08/turn              (no ring)

@: no status effects
A: horns 2, retaliatory headbutt
a: Renounce Religion, Berserk, Trog's Hand


You were on level 3 of the Dungeon.
You worshipped Trog.
Trog was pleased with you.
You visited 1 branch of the dungeon, and saw 3 of its levels.

You collected 95 gold pieces.

Inventory:

Hand Weapons
 a - a +0 hand axe (weapon)
Armour
 b - a +0 animal skin
 h - a +0 ring mail
 i - a +0 chain mail (worn)
 n - a +2 chain mail of cold resistance
Scrolls
 c - 2 scrolls of teleportation {unknown}
 g - a scroll of brand weapon {unknown}
 j - 3 scrolls of identify {unknown}
 k - 4 scrolls of fear {unknown}
 m - a scroll of enchant weapon {unknown}
Potions
 d - 2 potions of magic {unknown}
 e - a potion of ambrosia {unknown}
 f - a potion of brilliance {unknown}
 l - 2 potions of curing {unknown}


   Skills:
 + Level 4.5 Fighting
 + Level 4.6 Axes
 + Level 3.6 Armour
 + Level 3.3 Dodging


You had 3 spell levels left.
You didn't know any spells.
Your spell library was empty.

Dungeon Overview and Level Annotations

Branches:
Dungeon (3/15)

Altars:


Innate Abilities, Weirdness & Mutations

You have a pair of horns on your head.
You reflexively headbutt those who attack you in melee.


Message History

Your headbutt misses the kobold.
The kobold is severely wounded.
You hit the endoplasm but do no damage. The kobold completely misses you.
You furiously retaliate!
You headbutt the kobold.
You kill the kobold!
Trog accepts your kill.
A gnoll comes into view. It is wielding a +0 halberd.
The endoplasm freezes you.
You are frozen.
A gnoll comes into view. It is wielding a +0 flail.
The gnoll shouts! x2
The gnoll hits you but does no damage.
Things that are here:
a +0 whip; a kobold corpse You hit the gnoll but do no damage.
You hit the endoplasm.
You kill the endoplasm!
Trog accepts your kill. The gnoll hits you but does no damage.
You barely miss the gnoll. Your headbutt misses the gnoll.
The gnoll hits you but does no damage.
You hit the gnoll. You headbutt the gnoll!
You kill the gnoll!
Trog accepts your kill.
You hit the quokka.
You kill the quokka!
Trog accepts your kill. The gnoll hits you with a +0 halberd!
You see here a +0 spear.
You hit the gnoll but do no damage. You barely miss the gnoll.
The gnoll hits you but does no damage. The gnoll hits you with a +0 flail.
You hit the gnoll.
The gnoll is lightly wounded.
You hit the gnoll. The gnoll hits you with a +0 halberd!
The gnoll hits you with a +0 flail!
* * * LOW HITPOINT WARNING * * *
You closely miss the gnoll.
The gnoll is lightly wounded.
You completely miss the gnoll. The gnoll closely misses you.
The gnoll hits you with a +0 flail!
You die...

... .........#..##.#
...
....................
...
..............#.##.#
...
.....^........#... .
... ..............#
.<. ...
..............# ...
...>..........# ...
......g.......# ...
......g@......###.
##
########)..........
#...........
#.........##
...........#
#...##.......#
#...##.......#
#...##.......# #####
.......


You could see 2 gnolls.

Vanquished Creatures
  Terence (D:2)
  A gnoll (D:3)
  4 adders
  A dart slug (D:1)
  7 endoplasms
  4 giant cockroaches
  2 goblins (D:1)
  4 hobgoblins
  4 jackals (D:1)
  3 kobolds
  5 quokkas
  3 ball pythons
  3 bats
  A frilled lizard (D:2)
  4 rats
47 creatures vanquished.

Notes
Turn   | Place    | Note
-------+----------+-------------------------------------------
     0 | D:1      | dtburroughs the Minotaur Berserker began the quest for the
                  | Orb.
     0 | D:1      | Reached XP level 1. HP: 19/19 MP: 0/0
   278 | D:1      | Reached XP level 2. HP: 27/27 MP: 1/1
  1199 | D:2      | Found a faded altar of an unknown god.
  1285 | D:2      | Noticed Terence
  1294 | D:2      | Killed Terence
  1295 | D:2      | Reached XP level 3. HP: 20/33 MP: 2/2
  1839 | D:2      | Reached XP level 4. HP: 35/40 MP: 3/3
  2740 | D:3      | Reached ** piety under Trog
  2760 | D:3      | Slain by a gnoll

Illustrated notes

Levels and vault maps discovered:
D:1:      erik_arrival_cave_to_civilisation [erik_arrival_cave_to_hall],
          layout_basic, chequers_mini_garden
D:2:      layout_basic, chequers_ecumenical_altar_simple, uniq_terence
D:3:      layout_basic, grunt_ministairs_1, uniq_grinder

Skill      XL: |  1  2  3 |
---------------+----------+-----
Axes           | 4 |  4.6
Fighting       | 4 |  4.5
Armour         | 3 |  3.6
Dodging        | 3 |  3.3

Action                   |  1- 3 |  4- 6 || total
-------------------------+-------+-------++-------
Melee: Hand axe          |    64 |    41 ||   105
       Headbutt          |     9 |     6 ||    15
Invok: Berserk           |     1 |       ||     1
Armor: Animal skin       |     8 |       ||     8
       Chain mail        |    16 |    21 ||    37
Dodge: Dodged            |    38 |    16 ||    54
